 Dungeon Crawl Stone Soup version 0.17.1-3-g152610e (webtiles) character file.

83 Goblin1989 the Insei (level 4, -3/23 HPs)
             Began as a Vine Stalker Monk on Mar 8, 2016.
             Slain by a phantom (6 damage)
             ... on level 3 of the Dungeon.
             The game lasted 00:03:52 (1936 turns).

Goblin1989 the Insei (Vine Stalker Monk)            Turns: 1936, Time: 00:03:52

Health: -3/23      AC:  6    Str: 13    XL:     4   Next: 44%
Magic:  0/5        EV: 10    Int: 11    God:
Gold:   132        SH:  0    Dex: 17    Spells: 0 memorised, 3 levels left

rFire  . . .     SeeInvis .       - Unarmed
rCold  . . .     Clarity  .     m - +0 scale mail
rNeg   + . .     SustAt   .     (no shield)
rPois  .         Gourm    .     (no helmet)
rElec  .         Spirit   +     (no cloak)
rCorr  .         Warding  .     (no gloves)
rMut   .         Stasis   .     (no boots)
MR     .....                    (no amulet)
Stlth  +.........               (no ring)
                                n - ring of positive energy

@: not resistant to hostile enchantments, very unstealthy
A: fangs 2, regeneration 1, magic shield, antimagic bite, no device heal 3, rot
immunity
a: no special abilities


You were on level 3 of the Dungeon.
You were not hungry.

You visited 1 branch of the dungeon, and saw 3 of its levels.

You collected 132 gold pieces.

Inventory:

Armour
 m - a +0 scale mail (worn)
Jewellery
 k - an uncursed ring of fire
 n - a ring of positive energy (left hand)
Scrolls
 d - a scroll of teleportation {unknown}
 e - 3 scrolls of identify {unknown}
 h - a scroll of fear {unknown}
 j - a scroll of enchant armour {unknown}
Potions
 c - a potion of invisibility {unknown}
 g - a potion of brilliance {unknown}
 l - 2 potions of mutation {unknown}
Comestibles
 a - 3 beef jerkies
 b - 2 bread rations
 f - a chunk of flesh
 i - a meat ration


   Skills:
 - Level 2.6 Fighting
 - Level 2.4 Dodging
 - Level 2.4 Stealth
 * Level 5.8 Unarmed Combat


You had 3 spell levels left.
You didn't know any spells.

Dungeon Overview and Level Annotations

Branches:
Dungeon (3/15)

Altars:
The Shining One


Innate Abilities, Weirdness & Mutations

You have extremely sharp teeth.
Your natural rate of healing is unusually fast.
When hurt, damage is shared between your health and your magic reserves.
Your bite disrupts and absorbs the magic of your enemies.
Potions and wands cannot restore your health.
You are immune to rotting.


Message History

The phantom hits you!
* * * LOW HITPOINT WARNING * * *
You are too injured to fight recklessly!
You are too injured to fight recklessly!
You are too injured to fight recklessly!
You are too injured to fight recklessly!
You are too injured to fight recklessly!
You are too injured to fight recklessly!
You are too injured to fight recklessly!
You are too injured to fight recklessly!
You are too injured to fight recklessly!
You are too injured to fight recklessly!
You are too injured to fight recklessly!
You are too injured to fight recklessly!
You hit the phantom. You bite the phantom, but do no damage.
The phantom is almost destroyed.
The phantom hits you.
* * * LOW HITPOINT WARNING * * *
The phantom hits you!
You die...

#................###
#..##......#........
#........#.#..?#.###
#...#....<.....#.# ####
#...#<...#.#...#.# .#.#
#...#....#.##..#.# .#.#
#........#.##..#.# ...#
#.....#..#.##....#
.#.###.....#....@W....#
##...#.(...##.#.###...#####
.....#.....#......#........
.....#........#.#.#..>#####
####.##.#..#.....<#.#.#
#.#..........#.#.#.#
#.########.#.#...#.#
#..........#.#####(#
##############


You could see a phantom.

Vanquished Creatures
  3 adders
  An ooze (D:1)
  3 worms
  3 bats (D:1)
  3 giant cockroaches
  9 hobgoblins
  A jackal (D:2)
  A ball python (D:2)
  5 giant newts
  4 goblins
  4 kobolds
  8 rats
45 creatures vanquished.

Notes
Turn   | Place    | Note
--------------------------------------------------------------
     0 | D:1      | Goblin1989 the Vine Stalker Monk began the quest for the Orb.
     0 | D:1      | Reached XP level 1. HP: 11/11 MP: 2/2
   108 | D:1      | Reached XP level 2. HP: 10/16 MP: 3/3
   819 | D:2      | Found a glowing golden altar of the Shining One.
   825 | D:2      | Reached XP level 3. HP: 19/19 MP: 4/4
   838 | D:2      | Reached skill level 5 in Unarmed Combat
  1398 | D:2      | Reached XP level 4. HP: 23/23 MP: 5/5
  1849 | D:3      | Noticed a phantom
  1936 | D:3      | Slain by a phantom

Action                   |  1- 3 |  4- 6 || total
-------------------------+-------+-------++-------
Melee: Unarmed           |    99 |    56 ||   155
 Stab: Sleeping          |     4 |     1 ||     5
  Eat: Chunk             |       |     3 ||     3
